TOP OF THE 1ST |
Intercourse Amish batting - Pitching for Minnesota ManBearPigs : LHP Glenn Fox
|
Pitching: LHP Glenn Fox
|
|
Batting: LHB Jesús Raugel
|
0-0: Ball 1-0: Foul Ball, location: 2F 1-1: Fly out, F8 (Flyball, 78D)
|
Batting: RHB Frank Maxwell
|
0-0: Ball 1-0: Called Strike 1-1: Foul Ball, location: 2F 1-2: DOUBLE (Flyball, 78M)
|
Batting: RHB Manny Ramírez
|
0-0: Called Strike 0-1: Ball 1-1: Called Strike 1-2: Strikes out looking
|
Batting: RHB José Velázquez
|
0-0: Foul Ball, location: 2F 0-1: Foul Ball, location: 2F 0-2: Ball 1-2: Strikes out swinging
|
Top of the 1st over - 0 run(s), 1 hit(s), 0 error(s), 1 left on base; Intercourse 0 - Minnesota 0 |
BOTTOM OF THE 1ST |
Minnesota ManBearPigs batting - Pitching for Intercourse Amish : RHP Jeff Davis
|
Pitching: RHP Jeff Davis
|
|
Batting: LHB Elvin Summers
|
0-0: Ball 1-0: Ball 2-0: Ball 3-0: Called Strike 3-1: SINGLE (Line Drive, 3D)
|
Batting: RHB Ricardo Salazar
|
0-0: Ball 1-0: Ball 2-0: Called Strike Throwing error on steal attempt, E2 Elvin Summers to third 2-1: Ground out 6-3 (Groundball, 6) Elvin Summers scores
|
Batting: LHB Colm Massey
|
0-0: Called Strike 0-1: DOUBLE (Line Drive, 9D)
|
Batting: RHB Jeffrey Hicks
|
0-0: Fly out, F8 (Flyball, 8RS)
|
Batting: RHB Carlos López
|
0-0: Foul Ball, location: 2F 0-1: SINGLE (Groundball, 34S) (infield hit) Colm Massey to third
|
Batting: RHB Ichizo Akiyama
|
0-0: Foul Ball, location: 2F 0-1: Ball 1-1: SINGLE (Line Drive, 34D) Colm Massey scores Carlos López to second Runner from 2nd tries for 3rd, SAFE, no throw
|
Batting: RHB Juan Trujillo
|
0-0: Ball 1-0: Ball 2-0: Foul Ball, location: 2F 2-1: Ball 3-1: Foul Ball, location: 2F 3-2: Strikes out swinging
|
Bottom of the 1st over - 2 run(s), 4 hit(s), 1 error(s), 2 left on base; Intercourse 0 - Minnesota 2 |
TOP OF THE 2ND |
Intercourse Amish batting - Pitching for Minnesota ManBearPigs : LHP Glenn Fox
|
Batting: RHB Juan Estrada
|
0-0: Called Strike 0-1: Ball 1-1: Swinging Strike 1-2: Strikes out swinging
|
Batting: SHB Conan Hanson
|
0-0: Ball 1-0: Ball 2-0: Called Strike 2-1: Foul Ball, location: 2F 2-2: Ball 3-2: Fly out, F8 (Flyball, 8RM)
|
Batting: RHB Bob Carr
|
0-0: Called Strike 0-1: Fly out, F7 (Line Drive, 7)
|
Top of the 2nd over - 0 run(s), 0 hit(s), 0 error(s), 0 left on base; Intercourse 0 - Minnesota 2 |
BOTTOM OF THE 2ND |
Minnesota ManBearPigs batting - Pitching for Intercourse Amish : RHP Jeff Davis
|
Batting: RHB Pedro López
|
0-0: Called Strike 0-1: Ball 1-1: Ball 2-1: Ball 3-1: Foul Ball, location: 2F 3-2: Reached on error, E4 (Groundball, 4)
|
Batting: RHB Nicoli Turina
|
0-0: Called Strike 0-1: Fly out, F9 (Flyball, 9LSF)
|
Batting: LHB Elvin Summers
|
0-0: Ball 1-0: Swinging Strike 1-1: Ball 2-1: Fly out, F3 (Popup, 34)
|
Batting: RHB Ricardo Salazar
|
0-0: Called Strike 0-1: Ball 1-1: Foul Ball, location: 2F 1-2: Ground out 6-3 (Groundball, 6)
|
Bottom of the 2nd over - 0 run(s), 0 hit(s), 1 error(s), 1 left on base; Intercourse 0 - Minnesota 2 |
TOP OF THE 3RD |
Intercourse Amish batting - Pitching for Minnesota ManBearPigs : LHP Glenn Fox
|
Batting: LHB Bruce Foster
|
0-0: Ball 1-0: Called Strike 1-1: Foul Ball, location: 2F 1-2: Ball 2-2: Foul Ball, location: 2F 2-2: Fly out, F8 (Flyball, 8LS)
|
Batting: RHB Taylor Justice
|
0-0: Called Strike 0-1: Ball 1-1: Called Strike 1-2: Foul Ball, location: 2F 1-2: Ball 2-2: Fly out, F9 (Flyball, 9LS)
|
Batting: LHB Jesús Raugel
|
0-0: Ball 1-0: Ball 2-0: Ball 3-0: Called Strike 3-1: Swinging Strike 3-2: Foul Ball, location: 2F 3-2: Fly out, F7 (Line Drive, 78D)
|
Top of the 3rd over - 0 run(s), 0 hit(s), 0 error(s), 0 left on base; Intercourse 0 - Minnesota 2 |
BOTTOM OF THE 3RD |
Minnesota ManBearPigs batting - Pitching for Intercourse Amish : RHP Jeff Davis
|
Batting: LHB Colm Massey
|
0-0: Swinging Strike 0-1: Ball 1-1: Called Strike 1-2: Ball 2-2: Foul Ball, location: 2F 2-2: Foul Ball, location: 2F 2-2: Foul Ball, location: 2F 2-2: Foul Ball, location: 2F 2-2: Fly out, F7 (Flyball, 7S)
|
Batting: RHB Jeffrey Hicks
|
0-0: Ball 1-0: Ball 2-0: Ball 3-0: Called Strike 3-1: Fly out, F9 (Flyball, 9)
|
Batting: RHB Carlos López
|
0-0: Ball 1-0: Called Strike 1-1: Foul Ball, location: 2F 1-2: Foul Ball, location: 2F 1-2: Foul Ball, location: 2F 1-2: Ball 2-2: SINGLE (Line Drive, 9LS)
|
Pitching: RHP Cristián Torres
|
|
Batting: RHB Ichizo Akiyama
|
0-0: Ball Carlos López is caught stealing 2nd base
|
Bottom of the 3rd over - 0 run(s), 1 hit(s), 0 error(s), 0 left on base; Intercourse 0 - Minnesota 2 |
TOP OF THE 4TH |
Intercourse Amish batting - Pitching for Minnesota ManBearPigs : LHP Glenn Fox
|
Batting: RHB Frank Maxwell
|
0-0: Ball 1-0: Called Strike 1-1: Foul Ball, location: 2F 1-2: Ground out 4-3 (Groundball, 4)
|
Batting: RHB Manny Ramírez
|
0-0: Swinging Strike 0-1: Ball 1-1: Ball 2-1: Ball 3-1: Base on Balls
|
Batting: RHB José Velázquez
|
0-0: Called Strike 0-1: Called Strike 0-2: Fly out, F8 (Flyball, 8LM)
|
Batting: RHB Juan Estrada
|
0-0: Called Strike Manny Ramírez steals 2nd base 0-1: Fly out, F6 (Popup, 6D)
|
Top of the 4th over - 0 run(s), 0 hit(s), 0 error(s), 1 left on base; Intercourse 0 - Minnesota 2 |
BOTTOM OF THE 4TH |
Minnesota ManBearPigs batting - Pitching for Intercourse Amish : RHP Cristián Torres
|
Batting: RHB Ichizo Akiyama
|
0-0: Called Strike 0-1: Ground out 6-3 (Groundball, 6)
|
Batting: RHB Juan Trujillo
|
0-0: Ball 1-0: Ball 2-0: Foul Ball, location: 2F 2-1: Ground out 6-3 (Groundball, 6)
|
Batting: RHB Pedro López
|
0-0: Ball 1-0: Called Strike 1-1: Ball 2-1: SINGLE (Line Drive, 78M)
|
Batting: RHB Nicoli Turina
|
0-0: Ball 1-0: Ball 2-0: Foul Ball, location: 2F 2-1: Ball 3-1: DOUBLE (Line Drive, 7LD) Pedro López to third
|
Batting: LHB Elvin Summers
|
0-0: Ground out 3-1 (Groundball, 34S)
|
Bottom of the 4th over - 0 run(s), 2 hit(s), 0 error(s), 2 left on base; Intercourse 0 - Minnesota 2 |
TOP OF THE 5TH |
Intercourse Amish batting - Pitching for Minnesota ManBearPigs : LHP Glenn Fox
|
Batting: SHB Conan Hanson
|
0-0: Ball 1-0: Ball 2-0: Foul Ball, location: 2F 2-1: Ball 3-1: Fly out, F8 (Line Drive, 8LD)
|
Batting: RHB Bob Carr
|
0-0: Swinging Strike 0-1: Ball 1-1: Swinging Strike 1-2: Strikes out swinging
|
Batting: LHB Bruce Foster
|
0-0: Ball 1-0: DOUBLE (Line Drive, 9LM)
|
Batting: RHB Taylor Justice
|
0-0: Called Strike 0-1: Ball 1-1: Ball 2-1: Ground out 6-3 (Groundball, 56)
|
Top of the 5th over - 0 run(s), 1 hit(s), 0 error(s), 1 left on base; Intercourse 0 - Minnesota 2 |
BOTTOM OF THE 5TH |
Minnesota ManBearPigs batting - Pitching for Intercourse Amish : RHP Cristián Torres
|
Batting: RHB Ricardo Salazar
|
0-0: Foul Ball, location: 2F 0-1: Ball 1-1: Ball 2-1: Reached on error, E4 (Groundball, 4)
|
Batting: LHB Colm Massey
|
0-0: Ball 1-0: Called Strike 1-1: Swinging Strike 1-2: Ball 2-2: Ball 3-2: Foul Ball, location: 2F 3-2: Foul Ball, location: 2F 3-2: Base on Balls
|
Batting: RHB Jeffrey Hicks
|
0-0: Called Strike 0-1: Ball 1-1: Swinging Strike 1-2: Hit by Pitch Ricardo Salazar to third Colm Massey to second
|
Batting: RHB Carlos López
|
0-0: Called Strike 0-1: Foul Ball, location: 2F 0-2: Ball 1-2: Ball 2-2: Foul Ball, location: 2F 2-2: Foul Ball, location: 2F 2-2: Foul Ball, location: 2F 2-2: Fly out, F7 (Flyball, 78M)
|
Pitching: RHP Don Shelton
|
|
Batting: RHB Ichizo Akiyama
|
0-0: Called Strike 0-1: Called Strike 0-2: Strikes out looking
|
Batting: RHB Juan Trujillo
|
0-0: Ball 1-0: Ball 2-0: Fly out, F7 (Flyball, 78M)
|
Bottom of the 5th over - 0 run(s), 0 hit(s), 1 error(s), 3 left on base; Intercourse 0 - Minnesota 2 |
TOP OF THE 6TH |
Intercourse Amish batting - Pitching for Minnesota ManBearPigs : LHP Glenn Fox
|
Batting: LHB Jesús Raugel
|
0-0: Called Strike 0-1: Ball 1-1: SINGLE (Groundball, 56S) (infield hit)
|
Batting: RHB Frank Maxwell
|
0-0: Called Strike Jesús Raugel steals 2nd base 0-1: Called Strike 0-2: Strikes out swinging
|
Batting: RHB Manny Ramírez
|
0-0: Called Strike 0-1: Ball 1-1: Ball 2-1: Called Strike 2-2: Strikes out looking
|
Batting: RHB José Velázquez
|
0-0: Ball 1-0: Called Strike 1-1: Ball 2-1: Ball 3-1: Fly out, F4 (Popup, 34D)
|
Top of the 6th over - 0 run(s), 1 hit(s), 0 error(s), 1 left on base; Intercourse 0 - Minnesota 2 |
BOTTOM OF THE 6TH |
Minnesota ManBearPigs batting - Pitching for Intercourse Amish : RHP Don Shelton
|
Batting: RHB Pedro López
|
0-0: Ground out 4-3 (Groundball, 4)
|
Batting: RHB Nicoli Turina
|
0-0: Swinging Strike 0-1: Foul Ball, location: 2F 0-2: Fly out, F7 (Flyball, 78D)
|
Batting: LHB Elvin Summers
|
0-0: Called Strike 0-1: Ball 1-1: Foul Ball, location: 2F 1-2: Foul Ball, location: 2F 1-2: Ball 2-2: Foul Ball, location: 2F 2-2: SOLO HOME RUN (Flyball, 89XD), Distance : 414 ft
|
Batting: RHB Ricardo Salazar
|
0-0: Foul Ball, location: 2F 0-1: Called Strike 0-2: Strikes out looking
|
Bottom of the 6th over - 1 run(s), 1 hit(s), 0 error(s), 0 left on base; Intercourse 0 - Minnesota 3 |
TOP OF THE 7TH |
Intercourse Amish batting - Pitching for Minnesota ManBearPigs : LHP Glenn Fox
|
Now in RF: Carlos Luna
|
|
Batting: RHB Juan Estrada
|
0-0: Called Strike 0-1: Ball 1-1: Ground out 1-3 (Groundball, 15S)
|
Batting: SHB Conan Hanson
|
0-0: Ball 1-0: Ball 2-0: Foul Ball, location: 2F 2-1: Ball 3-1: Swinging Strike 3-2: Base on Balls
|
Pitching: RHP Ernesto González
|
|
Batting: RHB Bob Carr
|
0-0: Fielders Choice at 2nd, 5-4 (Groundball, 56)
|
Batting: LHB Bruce Foster
|
0-0: Ball 1-0: Ball 2-0: Swinging Strike 2-1: Ball 3-1: Fielders Choice at 2nd, 4-6 (Groundball, 4)
|
Top of the 7th over - 0 run(s), 0 hit(s), 0 error(s), 0 left on base; Intercourse 0 - Minnesota 3 |
BOTTOM OF THE 7TH |
Minnesota ManBearPigs batting - Pitching for Intercourse Amish : RHP Don Shelton
|
Batting: LHB Colm Massey
|
0-0: Ball 1-0: SINGLE (Line Drive, 78S)
|
Batting: RHB Jeffrey Hicks
|
0-0: Ball 1-0: SINGLE (Line Drive, 8RS) Colm Massey to second Runner from 2nd tries for 3rd, SAFE, throw made to third
|
Batting: RHB Carlos López
|
0-0: Called Strike 0-1: Fly out, F8 (Flyball, 8LM) Runner from 3rd tags up, OUT at HOME Jeffrey Hicks to second
|
Batting: RHB Ichizo Akiyama
|
0-0: Ball 1-0: Ball Wild Pitch! Jeffrey Hicks to third 2-0: Called Strike 2-1: Foul Ball, location: 2F 2-2: Foul Ball, location: 2F 2-2: Strikes out swinging
|
Bottom of the 7th over - 0 run(s), 2 hit(s), 0 error(s), 1 left on base; Intercourse 0 - Minnesota 3 |
TOP OF THE 8TH |
Intercourse Amish batting - Pitching for Minnesota ManBearPigs : RHP Ernesto González
|
Pitching: RHP Cam Sparks
|
|
Now at 1B: Yasutoki Kojima
|
|
Batting: RHB Taylor Justice
|
0-0: Called Strike 0-1: Ball 1-1: SINGLE (Flyball, 8LS)
|
Batting: LHB Jesús Raugel
|
0-0: Ball 1-0: Called Strike 1-1: Foul Ball, location: 2F 1-2: Fly out, F2 (Popup, 13S)
|
Batting: RHB Frank Maxwell
|
0-0: Called Strike 0-1: Swinging Strike 0-2: DOUBLE (Flyball, 89XD) Taylor Justice to third
|
Batting: RHB Manny Ramírez
|
0-0: Called Strike 0-1: Foul Ball, location: 2F 0-2: Ball 1-2: Ball 2-2: Strikes out swinging
|
Batting: RHB José Velázquez
|
0-0: Called Strike 0-1: Swinging Strike 0-2: Foul Ball, location: 2F 0-2: Ball 1-2: Strikes out swinging
|
Top of the 8th over - 0 run(s), 2 hit(s), 0 error(s), 2 left on base; Intercourse 0 - Minnesota 3 |
BOTTOM OF THE 8TH |
Minnesota ManBearPigs batting - Pitching for Intercourse Amish : RHP Don Shelton
|
Batting: RHB Yasutoki Kojima
|
0-0: Ball 1-0: Ball 2-0: Fly out, F7 (Flyball, 7)
|
Batting: RHB Carlos Luna
|
0-0: SINGLE (Groundball, 25) (infield hit)
|
Pitching: LHP Manuel Encarnación
|
|
Batting: RHB Nicoli Turina
|
0-0: Called Strike 0-1: Ball 1-1: Ball 2-1: Foul Ball, location: 2F 2-2: Strikes out swinging
|
Batting: LHB Elvin Summers
|
0-0: Swinging Strike 0-1: Ball 1-1: SINGLE (Groundball, 4) (infield hit) Carlos Luna to second
|
Batting: RHB Ricardo Salazar
|
0-0: Called Strike Carlos Luna is caught stealing 3rd base
|
Bottom of the 8th over - 0 run(s), 2 hit(s), 0 error(s), 0 left on base; Intercourse 0 - Minnesota 3 |
TOP OF THE 9TH |
Intercourse Amish batting - Pitching for Minnesota ManBearPigs : RHP Cam Sparks
|
Pitching: RHP Claudio Ramírez
|
|
Batting: RHB Juan Estrada
|
0-0: Called Strike 0-1: Called Strike 0-2: Foul Ball, location: 2F 0-2: Ball 1-2: DOUBLE (Groundball, 5L)
|
Batting: SHB Conan Hanson
|
0-0: Foul Ball, location: 2F 0-1: SINGLE (Line Drive, 56D) Juan Estrada to third
|
Batting: RHB Bob Carr
|
0-0: Foul Ball, location: 2F 0-1: Swinging Strike 0-2: Strikes out swinging
|
Batting: LHB Bruce Foster
|
0-0: Fly out, F7 (Flyball, 7S)
|
Batting: RHB Taylor Justice
|
0-0: Called Strike 0-1: Ball 1-1: Ball 2-1: Called Strike 2-2: Ball 3-2: SINGLE (Groundball, 4MD) Juan Estrada scores Conan Hanson to second Conan Hanson to third
|
Batting: LHB Jesús Raugel
|
0-0: Called Strike 0-1: Ball 1-1: TRIPLE (Line Drive, 3D) Conan Hanson scores Taylor Justice scores
|
Batting: RHB Frank Maxwell
|
0-0: Intentional Walk
|
Pitching: RHP Brad White
|
|
Batting: RHB Manny Ramírez
|
0-0: Ground out 5-3 (Groundball, 56S)
|
Top of the 9th over - 3 run(s), 4 hit(s), 0 error(s), 2 left on base; Intercourse 3 - Minnesota 3 |
BOTTOM OF THE 9TH |
Minnesota ManBearPigs batting - Pitching for Intercourse Amish : LHP Manuel Encarnación
|
Batting: RHB Ricardo Salazar
|
0-0: Called Strike
|
|
|
|
0-1: Ball 1-1: Swinging Strike 1-2: Ball 2-2: Foul Ball, location: 2F 2-2: Ball 3-2: Strikes out swinging
|
Pinch Hitting: RHB Jorge Mora
|
0-0: Ground out 1-3 (Groundball, 15S)
|
Batting: RHB Jeffrey Hicks
|
0-0: Swinging Strike 0-1: Foul Ball, location: 2F 0-2: Ground out 6-3 (Groundball, 6)
|
Bottom of the 9th over - 0 run(s), 0 hit(s), 0 error(s), 0 left on base; Intercourse 3 - Minnesota 3 |
TOP OF THE 10TH |
Intercourse Amish batting - Pitching for Minnesota ManBearPigs : RHP Brad White
|
Now at 3B: Jorge Mora
|
|
Batting: RHB José Velázquez
|
0-0: Ball 1-0: Ball 2-0: Called Strike 2-1: Foul Ball, location: 2F 2-2: Ball 3-2: Base on Balls
|
Batting: RHB Juan Estrada
|
0-0: Fielders Choice at 2nd, 4-6 (Groundball, 4)
|
Batting: SHB Conan Hanson
|
0-0: Ball 1-0: Ball 2-0: Foul Ball, location: 2F 2-1: Ball 3-1: Foul Ball, location: 2F 3-2: Base on Balls Juan Estrada to second
|
Batting: RHB Bob Carr
|
0-0: Ball 1-0: Ball 2-0: Swinging Strike 2-1: Foul Ball, location: 2F 2-2: Ball 3-2: Strikes out looking
|
Batting: LHB Bruce Foster
|
0-0: Foul Ball, location: 2F 0-1: Foul Ball, location: 2F 0-2: Ball 1-2: Ball 2-2: SINGLE (Flyball, 8LS) Juan Estrada to third Conan Hanson to second Runner from 3rd tries for Home, SAFE, no throw
|
Batting: RHB Taylor Justice
|
0-0: Called Strike 0-1: Ball 1-1: DOUBLE (Line Drive, 9LD) Conan Hanson scores Bruce Foster to third Runner from 3rd tries for Home, throw and OUT!
|
Top of the 10th over - 2 run(s), 2 hit(s), 0 error(s), 1 left on base; Intercourse 5 - Minnesota 3 |
BOTTOM OF THE 10TH |
Minnesota ManBearPigs batting - Pitching for Intercourse Amish : LHP Manuel Encarnación
|
Pitching: RHP Sixto Santiago
|
|
Batting: RHB Carlos López
|
0-0: Ball 1-0: Called Strike 1-1: Ground out 5-3 (Groundball, 56S)
|
Batting: RHB Ichizo Akiyama
|
0-0: Ball 1-0: Called Strike 1-1: Foul Ball, location: 2F 1-2: Ground out 6-3 (Groundball, 6)
|
Batting: RHB Yasutoki Kojima
|
0-0: Ball 1-0: Called Strike 1-1: Foul Ball, location: 2F 1-2: Fly out, F7 (Flyball, 7D)
|
Bottom of the 10th over - 0 run(s), 0 hit(s), 0 error(s), 0 left on base; Intercourse 5 - Minnesota 3 |
|
Tuesday, August 8th, 2017 - OOTP Baseball 17.12 Build 75
|
|